[ AOE2 MATCH · #463413059 ]
UnrankedTatars vs Spanish
Player's team · LOSS
[ REPLAY ANALYSIS · EXTRACTED FROM THE RECORDED GAME ]
Feudal
—
Castle
—
Imperial
—
| APM avg | 11.8 |
| APM peak | 77 |
| eAPM avg | 11.1 |
| Villagers / military | 38 / 149 |
Focus
⚔️ 27.3% · 🌾 72.7%
Steppe Lancer ×53 · Cavalry Archer ×40 · Keshik ×28 · Petard ×24 · Trade Cart ×3 · Trebuchet (Packed) ×3
Feudal
14:23
Castle
20:41
Imperial
46:47
| APM avg | 10.3 |
| APM peak | 60 |
| eAPM avg | 9.2 |
| Villagers / military | 171 / 434 |
Focus
⚔️ 37.7% · 🌾 62.3%
Spearman ×263 · Knight ×58 · Hand Cannoneer ×54 · Bombard Cannon ×27 · Trade Cart ×24 · Mangonel ×23
Feudal
11:37
Castle
16:15
Imperial
31:17
| APM avg | 17.2 |
| APM peak | 51 |
| eAPM avg | 11.4 |
| Villagers / military | 124 / 501 |
Focus
⚔️ 26.3% · 🌾 73.7%
Camel Archer ×491 · Trade Cart ×83 · Bombard Cannon ×9 · Trebuchet (Packed) ×1
Feudal
15:42
Castle
24:37
Imperial
38:12
| APM avg | 13.5 |
| APM peak | 37 |
| eAPM avg | 12.1 |
| Villagers / military | 140 / 442 |
Focus
⚔️ 39.9% · 🌾 60.1%
Scorpion ×225 · Ballista Elephant ×97 · Spearman ×81 · Trade Cart ×41 · Skirmisher ×30 · Scout Cavalry ×9
Feudal
10:51
Castle
18:41
Imperial
33:58
| APM avg | 19.4 |
| APM peak | 47 |
| eAPM avg | 13.2 |
| Villagers / military | 232 / 853 |
Focus
⚔️ 34.2% · 🌾 65.8%
Spearman ×609 · Bombard Cannon ×157 · Trade Cart ×121 · Scorpion ×45 · Mangonel ×20 · Hussite Wagon ×20
Feudal
10:09
Castle
17:50
Imperial
35:20
| APM avg | 46.4 |
| APM peak | 140 |
| eAPM avg | 38.0 |
| Villagers / military | 194 / 1118 |
Focus
⚔️ 54.7% · 🌾 45.3%
Skirmisher ×558 · Fire Lancer ×280 · Battle Elephant ×179 · Trade Cart ×65 · Scout Cavalry ×41 · Rattan Archer ×40
Match map
Initial resources + every placement click. Lines = walls · curves = elevation contours. ◆ gold · ⬟ stone · ● berries · ✦ relic · ◌ wall gap
Inputs per minute
— TURKISCH45 - - DeimosVE
Build order — TURKISCH45
First 150 of 333 actions detected
| 0:09 | Build | Mill |
| 0:16 | Build | Lumber Camp |
| 0:26 | Create | Villager (Male) |
| 0:29 | Research | Loom |
| 0:31 | Create | Villager (Male) |
| 0:31 | Create | Villager (Male) |
| 0:32 | Create | Villager (Male) |
| 3:17 | Build | House |
| 3:18 | Build | House |
| 4:02 | Create | Villager (Male) |
| 4:04 | Create | Villager (Male) |
| 5:00 | Create | Villager (Male) |
| 5:47 | Create | Villager (Male) |
| 6:41 | Create | Villager (Male) |
| 7:41 | Create | Villager (Male) |
| 7:42 | Create | Villager (Male) |
| 7:42 | Create | Villager (Male) |
| 7:43 | Create | Villager (Male) |
| 7:45 | Create | Villager (Male) |
| 8:09 | Build | Farm |
| 8:09 | Build | Farm |
| 8:10 | Build | Farm |
| 8:11 | Build | Farm |
| 8:34 | Build | Farm |
| 8:36 | Build | Farm |
| 8:39 | Build | Farm |
| 9:06 | Build | House |
| 9:10 | Build | House |
| 9:36 | Create | Villager (Male) |
| 9:36 | Create | Villager (Male) |
| 10:04 | Build | Mining Camp |
| 10:39 | Build | Farm |
| 12:37 | Build | Farm |
| 12:42 | Build | Farm |
| 12:48 | Build | Farm |
| 13:16 | Create | Villager (Male) |
| 13:23 | Create | Villager (Male) |
| 13:23 | Create | Villager (Male) |
| 13:24 | Create | Villager (Male) |
| 13:24 | Create | Villager (Male) |
| 13:24 | Create | Villager (Male) |
| 13:24 | Create | Villager (Male) |
| 16:22 | Build | House |
| 17:01 | Create | Villager (Male) |
| 17:02 | Create | Villager (Male) |
| 17:02 | Create | Villager (Male) |
| 17:02 | Create | Villager (Male) |
| 17:05 | Create | Villager (Male) |
| 17:49 | Build | Mining Camp |
| 19:10 | Build | Mill |
| 19:35 | Build | House |
| 20:14 | Create | Villager (Male) |
| 20:14 | Create | Villager (Male) |
| 20:14 | Create | Villager (Male) |
| 20:15 | Create | Villager (Male) |
| 20:15 | Create | Villager (Male) |
| 20:49 | Research | Feudal Age |
| 21:30 | Build | Farm |
| 21:38 | Build | Farm |
| 21:46 | Build | Farm |
| 22:48 | Build | House |
| 24:03 | Build | Farm |
| 24:26 | Build | Mining Camp |
| 26:13 | Build | Market |
| 26:38 | Research | Horse Collar |
| 26:43 | Research | Double-Bit Axe |
| 26:49 | Research | Gold Mining |
| 26:50 | Research | Stone Mining |
| 28:20 | Create | Trade Cart |
| 29:33 | Create | Trade Cart |
| 29:42 | Create | Villager (Male) |
| 29:43 | Create | Villager (Male) |
| 29:44 | Create | Villager (Male) |
| 29:47 | Create | Villager (Male) |
| 29:50 | Create | Villager (Male) |
| 29:59 | Build | House |
| 31:04 | Build | Farm |
| 31:35 | Build | Mining Camp |
| 31:58 | Build | House |
| 32:00 | Build | House |
| 32:03 | Build | House |
| 32:04 | Build | House |
| 32:07 | Build | House |
| 32:08 | Build | House |
| 32:10 | Build | House |
| 36:07 | Build | Blacksmith |
| 36:31 | Build | House |
| 36:32 | Build | House |
| 36:34 | Build | House |
| 37:00 | Research | Forging |
| 37:00 | Research | Scale Barding Armor |
| 37:01 | Research | Scale Mail Armor |
| 37:02 | Research | Padded Archer Armor |
| 37:03 | Research | Fletching |
| 38:26 | Build | Barracks |
| 39:17 | Build | Archery Range |
| 39:31 | Build | Lumber Camp |
| 39:57 | Build | Stable |
| 40:16 | Research | Castle Age |
| 41:29 | Build | House |
| 41:33 | Build | House |
| 43:27 | Build | University |
| 44:38 | Research | Masonry |
| 44:41 | Research | Fortified Wall (upgrade) |
| 44:44 | Research | Treadmill Crane |
| 44:48 | Research | Guard Tower (upgrade) |
| 45:39 | Research | Husbandry |
| 45:40 | Research | Bloodlines |
| 45:59 | Build | Stable |
| 46:12 | Create | Cavalry Archer |
| 46:12 | Create | Cavalry Archer |
| 46:12 | Create | Cavalry Archer |
| 46:13 | Create | Cavalry Archer |
| 46:13 | Create | Cavalry Archer |
| 46:13 | Create | Cavalry Archer |
| 46:13 | Create | Cavalry Archer |
| 46:14 | Create | Cavalry Archer |
| 46:14 | Create | Cavalry Archer |
| 46:14 | Create | Cavalry Archer |
| 46:15 | Create | Cavalry Archer |
| 46:15 | Create | Cavalry Archer |
| 46:15 | Create | Cavalry Archer |
| 46:15 | Create | Cavalry Archer |
| 46:16 | Create | Cavalry Archer |
| 46:52 | Create | Cavalry Archer |
| 47:15 | Create | Steppe Lancer |
| 47:16 | Create | Steppe Lancer |
| 47:16 | Create | Steppe Lancer |
| 47:16 | Create | Steppe Lancer |
| 47:17 | Create | Steppe Lancer |
| 47:17 | Create | Steppe Lancer |
| 47:17 | Create | Steppe Lancer |
| 47:17 | Create | Steppe Lancer |
| 47:18 | Create | Steppe Lancer |
| 47:18 | Create | Steppe Lancer |
| 47:18 | Create | Steppe Lancer |
| 47:19 | Create | Steppe Lancer |
| 47:19 | Create | Steppe Lancer |
| 47:19 | Create | Steppe Lancer |
| 47:20 | Create | Steppe Lancer |
| 47:30 | Create | Steppe Lancer |
| 47:31 | Create | Steppe Lancer |
| 47:31 | Create | Steppe Lancer |
| 47:31 | Create | Steppe Lancer |
| 47:32 | Create | Steppe Lancer |
| 47:32 | Create | Steppe Lancer |
| 47:32 | Create | Steppe Lancer |
| 47:33 | Create | Steppe Lancer |
| 47:33 | Create | Steppe Lancer |
| 47:33 | Create | Steppe Lancer |
Build order — DeimosVE
First 150 of 349 actions detected
| 0:06 | Create | Villager (Male) ×4 |
| 0:06 | Create | Villager (Male) ×4 |
| 0:11 | Build | House |
| 0:13 | Build | House |
| 0:14 | Build | House |
| 0:15 | Build | House |
| 1:55 | Build | Mill |
| 1:59 | Create | Villager (Male) |
| 1:59 | Create | Villager (Male) |
| 3:49 | Create | Villager (Male) |
| 3:50 | Create | Villager (Male) |
| 3:50 | Create | Villager (Male) |
| 3:50 | Create | Villager (Male) |
| 3:51 | Create | Villager (Male) |
| 4:11 | Create | Villager (Male) |
| 4:11 | Create | Villager (Male) |
| 5:18 | Create | Villager (Male) ×3 |
| 5:18 | Create | Villager (Male) ×3 |
| 5:42 | Build | Lumber Camp |
| 5:44 | Create | Villager (Male) |
| 5:44 | Create | Villager (Male) |
| 6:09 | Create | Villager (Male) |
| 6:10 | Create | Villager (Male) |
| 7:09 | Create | Villager (Male) ×3 |
| 7:55 | Build | Mining Camp |
| 8:10 | Build | Mining Camp |
| 8:46 | Build | Farm |
| 9:12 | Create | Villager (Male) ×5 |
| 9:13 | Create | Villager (Male) ×5 |
| 9:13 | Create | Villager (Male) |
| 9:13 | Create | Villager (Male) |
| 9:40 | Build | House |
| 9:41 | Build | House |
| 9:43 | Build | House |
| 9:44 | Build | House |
| 9:46 | Build | House |
| 9:47 | Build | House |
| 12:13 | Research | Feudal Age |
| 12:29 | Build | House |
| 12:31 | Build | House |
| 12:46 | Build | House |
| 12:48 | Build | House |
| 12:51 | Build | House |
| 12:53 | Build | House |
| 12:55 | Build | House |
| 12:57 | Build | House |
| 14:23 | Age | Feudal Age |
| 14:27 | Build | Market |
| 14:31 | Build | Blacksmith |
| 14:39 | Research | Wheelbarrow |
| 15:03 | Research | Double-Bit Axe |
| 16:43 | Build | Stone Wall |
| 16:57 | Build | Building 673 |
| 17:10 | Build | Stone Wall |
| 17:15 | Build | Building 673 |
| 17:22 | Build | Farm |
| 17:23 | Build | Farm |
| 17:25 | Build | Farm |
| 18:01 | Research | Castle Age |
| 18:12 | Build | Farm |
| 18:19 | Research | Town Watch |
| 19:03 | Research | Stone Mining |
| 19:06 | Research | Gold Mining |
| 19:16 | Build | Farm |
| 19:17 | Build | Farm |
| 19:21 | Research | Horse Collar |
| 19:28 | Build | Farm |
| 19:31 | Build | Farm |
| 19:35 | Build | Farm |
| 20:41 | Age | Castle Age |
| 21:04 | Build | Town Center |
| 21:12 | Create | Villager (Male) ×5 |
| 21:12 | Create | Villager (Male) ×4 |
| 21:13 | Create | Villager (Male) ×4 |
| 21:55 | Create | Villager (Male) ×3 |
| 21:55 | Create | Villager (Male) ×3 |
| 22:52 | Build | Stone Wall |
| 23:40 | Build | Town Center |
| 23:57 | Build | Farm |
| 24:06 | Build | Farm |
| 24:19 | Build | University |
| 24:37 | Build | Lumber Camp |
| 25:01 | Research | Hand Cart |
| 25:02 | Create | Villager (Male) ×5 |
| 25:05 | Create | Villager (Male) ×5 |
| 25:21 | Build | Stone Wall |
| 25:31 | Build | Stone Wall |
| 25:43 | Build | Stone Wall |
| 25:51 | Build | Building 490 |
| 26:15 | Research | Town Patrol |
| 26:22 | Research | Town Patrol |
| 26:29 | Build | Town Center |
| 26:36 | Build | Monastery |
| 26:38 | Research | Fortified Wall (upgrade) |
| 27:30 | Create | Villager (Male) ×4 |
| 27:39 | Create | Villager (Male) ×2 |
| 28:20 | Build | Town Center |
| 29:21 | Create | Monk ×5 |
| 29:57 | Build | Mining Camp |
| 30:42 | Create | Villager (Male) ×5 |
| 30:46 | Create | Villager (Male) ×5 |
| 30:48 | Create | Villager (Male) ×5 |
| 30:55 | Create | Villager (Male) ×2 |
| 31:08 | Build | Town Center |
| 31:17 | Create | Trade Cart ×5 |
| 31:17 | Create | Trade Cart ×5 |
| 31:18 | Create | Trade Cart ×5 |
| 32:11 | Build | Lumber Camp |
| 32:38 | Build | House |
| 32:40 | Build | House |
| 32:41 | Build | House |
| 32:44 | Build | House |
| 32:45 | Build | House |
| 32:47 | Build | House |
| 32:48 | Build | House |
| 32:49 | Build | House |
| 32:50 | Build | House |
| 32:51 | Build | House |
| 32:52 | Build | House |
| 32:54 | Build | House |
| 32:58 | Build | House |
| 33:09 | Create | Villager (Male) ×5 |
| 33:17 | Research | Bow Saw |
| 33:23 | Create | Villager (Male) ×5 |
| 33:33 | Create | Villager (Male) ×3 |
| 33:33 | Create | Villager (Male) ×3 |
| 33:33 | Create | Villager (Male) ×3 |
| 33:43 | Build | Farm |
| 33:45 | Build | Farm |
| 33:46 | Build | Farm |
| 33:55 | Build | Farm |
| 33:56 | Build | Farm |
| 34:00 | Build | Farm |
| 34:01 | Build | Farm |
| 34:03 | Build | Farm |
| 34:06 | Research | Heavy Plow |
| 34:24 | Build | Barracks |
| 34:26 | Build | Barracks |
| 34:28 | Build | Barracks |
| 34:31 | Build | Barracks |
| 34:38 | Build | Siege Workshop |
| 34:40 | Build | Siege Workshop |
| 34:43 | Build | Siege Workshop |
| 35:07 | Build | Town Center |
| 36:12 | Research | Stone Shaft Mining |
| 36:15 | Research | Ballistics |
| 36:22 | Build | Farm |
| 36:32 | Build | Town Center |
| 36:38 | Research | Caravan |
| 36:43 | Build | Market |
Build order — Verto1992
First 150 of 485 actions detected
| 0:03 | Create | Villager (Male) |
| 0:03 | Create | Villager (Male) |
| 0:04 | Create | Villager (Male) |
| 0:04 | Create | Villager (Male) |
| 0:08 | Build | House |
| 0:14 | Build | House |
| 1:32 | Create | Villager (Male) |
| 1:50 | Build | Lumber Camp |
| 2:09 | Create | Villager (Male) |
| 2:17 | Build | House |
| 2:18 | Build | House |
| 2:28 | Create | Villager (Male) |
| 3:02 | Create | Villager (Male) |
| 3:11 | Create | Villager (Male) |
| 3:45 | Create | Villager (Male) |
| 4:18 | Create | Villager (Male) |
| 4:43 | Create | Villager (Male) |
| 4:43 | Create | Villager (Male) |
| 5:15 | Build | Mill |
| 5:27 | Create | Villager (Male) |
| 5:40 | Create | Villager (Male) |
| 6:00 | Create | Villager (Male) |
| 6:43 | Create | Villager (Male) |
| 7:01 | Create | Villager (Male) |
| 7:27 | Create | Villager (Male) |
| 7:58 | Create | Villager (Male) |
| 8:31 | Create | Villager (Male) |
| 8:58 | Create | Villager (Male) |
| 9:27 | Research | Feudal Age |
| 9:56 | Build | Lumber Camp |
| 10:08 | Build | Mining Camp |
| 10:58 | Build | House |
| 10:59 | Build | House |
| 11:29 | Create | Villager (Male) |
| 11:29 | Create | Villager (Male) |
| 11:37 | Age | Feudal Age |
| 11:41 | Build | Blacksmith |
| 12:02 | Build | Market |
| 12:08 | Create | Villager (Male) |
| 12:27 | Create | Villager (Male) |
| 12:41 | Research | Horse Collar |
| 13:28 | Build | Farm |
| 13:28 | Build | Farm |
| 13:29 | Build | Farm |
| 13:29 | Build | Farm |
| 13:30 | Build | Farm |
| 13:31 | Build | Farm |
| 13:32 | Build | Farm |
| 13:35 | Research | Castle Age |
| 14:10 | Build | Farm |
| 14:10 | Build | Farm |
| 14:10 | Build | Farm |
| 14:36 | Research | Double-Bit Axe |
| 14:47 | Build | House |
| 14:49 | Build | House |
| 15:02 | Build | Farm |
| 15:03 | Build | Farm |
| 15:31 | Create | Villager (Male) |
| 15:55 | Create | Villager (Male) |
| 16:15 | Age | Castle Age |
| 16:31 | Build | Town Center |
| 16:55 | Build | Town Center |
| 17:11 | Create | Villager (Male) |
| 17:12 | Create | Villager (Male) |
| 17:18 | Research | Bow Saw |
| 17:28 | Research | Heavy Plow |
| 17:37 | Create | Villager (Male) |
| 17:46 | Build | House |
| 17:48 | Build | House |
| 17:49 | Build | House |
| 18:06 | Create | Villager (Male) |
| 18:29 | Create | Villager (Male) |
| 18:29 | Create | Villager (Male) |
| 18:39 | Build | Lumber Camp |
| 18:46 | Create | Villager (Male) |
| 18:47 | Create | Villager (Male) |
| 18:53 | Build | Lumber Camp |
| 19:06 | Create | Villager (Male) |
| 19:06 | Create | Villager (Male) |
| 19:15 | Create | Villager (Male) |
| 19:23 | Build | Farm |
| 19:23 | Build | Farm |
| 19:23 | Build | Farm |
| 19:23 | Build | Farm |
| 19:36 | Build | Farm |
| 19:40 | Create | Villager (Male) |
| 19:43 | Create | Villager (Male) |
| 19:43 | Create | Villager (Male) |
| 19:50 | Research | Wheelbarrow |
| 19:50 | Create | Villager (Male) |
| 19:58 | Create | Villager (Male) |
| 20:06 | Build | Farm |
| 20:13 | Create | Villager (Male) |
| 20:15 | Create | Villager (Male) |
| 20:26 | Build | Farm |
| 20:32 | Create | Villager (Male) |
| 20:37 | Create | Villager (Male) |
| 20:42 | Create | Villager (Male) |
| 20:51 | Build | Farm |
| 20:56 | Create | Villager (Male) |
| 20:59 | Create | Villager (Male) |
| 21:03 | Create | Villager (Male) |
| 21:17 | Build | Farm |
| 21:21 | Create | Villager (Male) |
| 21:25 | Create | Villager (Male) |
| 21:29 | Create | Villager (Male) |
| 21:42 | Build | Farm |
| 21:44 | Create | Villager (Male) |
| 21:48 | Create | Villager (Male) |
| 21:54 | Build | Farm |
| 21:55 | Build | Farm |
| 21:56 | Build | Farm |
| 21:58 | Build | Farm |
| 21:59 | Build | Farm |
| 22:07 | Create | Villager (Male) |
| 22:07 | Create | Villager (Male) |
| 22:10 | Create | Villager (Male) |
| 22:16 | Create | Villager (Male) |
| 22:21 | Build | Farm |
| 22:35 | Build | Town Center |
| 22:47 | Build | House |
| 22:47 | Build | House |
| 22:49 | Build | House |
| 22:56 | Build | Lumber Camp |
| 23:13 | Build | Mining Camp |
| 23:15 | Research | Hand Cart |
| 23:24 | Create | Villager (Male) |
| 23:24 | Create | Villager (Male) |
| 23:30 | Create | Villager (Male) |
| 23:31 | Create | Villager (Male) |
| 23:37 | Research | Gold Mining |
| 23:37 | Research | Stone Mining |
| 23:47 | Build | House |
| 23:52 | Build | House |
| 23:53 | Build | House |
| 23:54 | Build | House |
| 23:55 | Build | House |
| 23:56 | Build | House |
| 24:08 | Create | Villager (Male) |
| 24:08 | Create | Villager (Male) |
| 24:19 | Create | Villager (Male) |
| 24:19 | Create | Villager (Male) |
| 24:26 | Create | Villager (Male) |
| 24:26 | Create | Villager (Male) |
| 24:26 | Create | Villager (Male) |
| 24:31 | Build | Farm |
| 24:32 | Build | Farm |
| 24:32 | Build | Farm |
| 24:32 | Build | Farm |
| 24:34 | Build | Farm |
Build order — IsaacNewton
First 150 of 610 actions detected
| 0:19 | Research | Loom |
| 0:25 | Create | Villager (Male) |
| 0:25 | Create | Villager (Male) |
| 0:25 | Create | Villager (Male) |
| 0:26 | Create | Villager (Male) |
| 1:07 | Build | Palisade Wall |
| 1:14 | Build | Building 804 |
| 1:17 | Build | Building 804 |
| 1:38 | Build | House |
| 1:41 | Build | House |
| 1:42 | Build | House |
| 3:37 | Build | House |
| 3:39 | Build | House |
| 3:41 | Build | House |
| 4:25 | Create | Villager (Male) |
| 5:13 | Create | Villager (Male) |
| 5:47 | Create | Villager (Male) |
| 6:02 | Build | Mining Camp |
| 6:27 | Create | Villager (Male) |
| 7:11 | Create | Villager (Male) |
| 7:27 | Create | Villager (Male) |
| 8:09 | Build | Mill |
| 8:14 | Create | Villager (Male) |
| 8:14 | Create | Villager (Male) |
| 9:01 | Create | Villager (Male) |
| 9:01 | Create | Villager (Male) |
| 9:18 | Build | Lumber Camp |
| 9:39 | Create | Villager (Male) |
| 10:02 | Create | Villager (Male) |
| 10:08 | Create | Villager (Male) |
| 10:19 | Create | Villager (Male) |
| 11:28 | Create | Villager (Male) |
| 12:33 | Create | Villager (Male) |
| 13:14 | Build | Barracks |
| 13:32 | Research | Feudal Age |
| 14:21 | Build | House |
| 14:24 | Build | House |
| 14:31 | Build | House |
| 14:39 | Build | House |
| 14:41 | Build | House |
| 14:46 | Create | Villager (Male) |
| 14:46 | Create | Villager (Male) |
| 14:46 | Create | Villager (Male) |
| 14:52 | Create | Villager (Male) |
| 15:42 | Age | Feudal Age |
| 15:48 | Build | Stone Wall |
| 16:14 | Build | Building 673 |
| 16:18 | Build | Building 673 |
| 16:30 | Research | Wheelbarrow |
| 16:41 | Research | Double-Bit Axe |
| 16:45 | Research | Horse Collar |
| 16:51 | Build | Mining Camp |
| 17:06 | Build | Market |
| 17:10 | Build | House |
| 17:11 | Build | House |
| 17:12 | Build | House |
| 17:15 | Research | Wheelbarrow |
| 17:28 | Research | Arson |
| 17:39 | Create | Villager (Male) |
| 17:39 | Create | Villager (Male) |
| 17:39 | Create | Villager (Male) |
| 17:40 | Create | Villager (Male) |
| 18:10 | Build | Farm |
| 18:43 | Research | Gold Mining |
| 19:19 | Build | Farm |
| 19:21 | Build | Farm |
| 19:22 | Build | Farm |
| 19:24 | Build | Farm |
| 19:26 | Build | Farm |
| 19:28 | Build | Farm |
| 19:30 | Build | Farm |
| 19:35 | Create | Villager (Male) |
| 19:35 | Create | Villager (Male) |
| 19:49 | Build | Lumber Camp |
| 20:06 | Build | Farm |
| 20:27 | Build | Farm |
| 20:38 | Build | Farm |
| 20:46 | Build | Farm |
| 20:51 | Build | Farm |
| 21:09 | Build | House |
| 21:10 | Build | House |
| 21:17 | Build | Farm |
| 21:36 | Build | Farm |
| 21:57 | Research | Castle Age |
| 22:21 | Build | House |
| 22:22 | Build | House |
| 22:25 | Build | House |
| 22:26 | Build | House |
| 22:34 | Create | Trade Cart |
| 22:34 | Create | Trade Cart |
| 22:46 | Create | Villager (Male) |
| 22:46 | Create | Villager (Male) |
| 22:47 | Create | Villager (Male) |
| 22:47 | Create | Villager (Male) |
| 23:03 | Research | Stone Mining |
| 23:12 | Build | Mining Camp |
| 23:26 | Build | Mining Camp |
| 23:53 | Create | Spearman |
| 23:53 | Create | Spearman |
| 23:54 | Create | Spearman |
| 23:54 | Create | Spearman |
| 24:24 | Build | Mining Camp |
| 24:31 | Create | Villager (Male) |
| 24:31 | Create | Villager (Male) |
| 24:37 | Age | Castle Age |
| 24:39 | Research | Bow Saw |
| 24:39 | Research | Bow Saw |
| 24:46 | Research | Heavy Plow |
| 25:35 | Build | Town Center |
| 26:07 | Research | Pikeman (upgrade) |
| 26:15 | Research | Hand Cart |
| 27:18 | Create | Villager (Male) |
| 27:18 | Create | Villager (Male) |
| 27:19 | Create | Villager (Male) |
| 27:19 | Create | Villager (Male) |
| 27:31 | Build | Farm |
| 27:33 | Build | Farm |
| 27:34 | Build | Farm |
| 27:35 | Build | Farm |
| 27:41 | Build | Farm |
| 27:45 | Create | Villager (Male) |
| 27:45 | Create | Villager (Male) |
| 27:45 | Create | Villager (Male) |
| 27:46 | Create | Villager (Male) |
| 28:27 | Build | Town Center |
| 28:33 | Create | Villager (Male) |
| 28:34 | Create | Villager (Male) |
| 28:47 | Create | Villager (Male) |
| 28:47 | Create | Villager (Male) |
| 28:59 | Research | Stone Shaft Mining |
| 29:02 | Research | Gold Shaft Mining |
| 29:08 | Research | Caravan |
| 29:10 | Create | Trade Cart |
| 29:11 | Create | Trade Cart |
| 29:53 | Build | Blacksmith |
| 30:02 | Build | House |
| 30:05 | Build | House |
| 30:07 | Build | House |
| 30:09 | Build | House |
| 30:10 | Build | House |
| 30:14 | Create | Villager (Male) |
| 30:14 | Create | Villager (Male) |
| 30:15 | Create | Villager (Male) |
| 30:15 | Create | Villager (Male) |
| 30:20 | Create | Villager (Male) |
| 30:20 | Create | Villager (Male) |
| 30:20 | Create | Villager (Male) |
| 30:20 | Create | Villager (Male) |
| 30:58 | Build | Siege Workshop |
| 31:01 | Build | Siege Workshop |
Build order — 超级小熊
First 150 of 636 actions detected
| 0:16 | Build | Mill |
| 0:24 | Build | House |
| 0:31 | Create | Villager (Male) |
| 0:31 | Create | Villager (Male) |
| 0:31 | Create | Villager (Male) |
| 0:31 | Create | Villager (Male) |
| 0:32 | Create | Villager (Male) |
| 0:42 | Build | House |
| 0:52 | Build | House |
| 0:53 | Build | House |
| 2:15 | Create | Villager (Male) |
| 2:15 | Create | Villager (Male) |
| 2:52 | Create | Villager (Male) |
| 2:52 | Create | Villager (Male) |
| 2:53 | Create | Villager (Male) |
| 3:26 | Create | Villager (Male) |
| 3:36 | Create | Villager (Male) |
| 3:55 | Create | Villager (Male) |
| 4:23 | Create | Villager (Male) |
| 4:30 | Create | Villager (Male) |
| 4:46 | Create | Villager (Male) |
| 5:26 | Create | Villager (Male) |
| 5:40 | Create | Villager (Male) |
| 6:24 | Create | Villager (Male) |
| 6:36 | Create | Villager (Male) |
| 6:47 | Create | Villager (Male) |
| 7:13 | Create | Villager (Male) |
| 7:23 | Build | Lumber Camp |
| 7:30 | Create | Villager (Male) |
| 7:59 | Create | Villager (Male) |
| 8:41 | Research | Feudal Age |
| 9:23 | Build | House |
| 9:24 | Build | House |
| 9:26 | Build | House |
| 9:33 | Create | Villager (Male) |
| 10:51 | Age | Feudal Age |
| 11:08 | Create | Villager (Male) |
| 11:16 | Build | House |
| 11:28 | Build | House |
| 11:34 | Build | Blacksmith |
| 11:57 | Build | Farm |
| 11:59 | Build | Farm |
| 12:01 | Build | Farm |
| 12:02 | Build | Farm |
| 12:04 | Build | Farm |
| 12:09 | Build | Farm |
| 12:14 | Create | Villager (Male) |
| 12:14 | Create | Villager (Male) |
| 12:40 | Build | Mining Camp |
| 12:48 | Create | Villager (Male) |
| 13:05 | Build | Farm |
| 13:07 | Build | Farm |
| 13:10 | Build | Farm |
| 13:15 | Create | Villager (Male) |
| 13:27 | Build | Farm |
| 13:30 | Build | Farm |
| 14:13 | Build | Market |
| 14:27 | Create | Villager (Male) |
| 14:38 | Build | Lumber Camp |
| 15:00 | Build | House |
| 15:01 | Build | House |
| 15:05 | Create | Villager (Male) |
| 15:34 | Create | Villager (Male) |
| 15:42 | Build | Farm |
| 15:44 | Build | Farm |
| 15:48 | Build | Farm |
| 16:01 | Research | Castle Age |
| 16:11 | Build | House |
| 16:14 | Build | House |
| 16:16 | Build | House |
| 16:17 | Build | House |
| 16:19 | Build | House |
| 16:28 | Research | Double-Bit Axe |
| 17:36 | Research | Wheelbarrow |
| 17:45 | Research | Horse Collar |
| 17:56 | Research | Wheelbarrow |
| 18:19 | Build | House |
| 18:21 | Build | House |
| 18:41 | Age | Castle Age |
| 18:49 | Build | Town Center |
| 18:56 | Create | Villager (Male) |
| 19:15 | Build | Town Center |
| 19:26 | Build | Monastery |
| 19:33 | Build | University |
| 19:46 | Create | Villager (Male) ×5 |
| 20:06 | Research | Bow Saw |
| 20:19 | Build | Farm |
| 20:21 | Build | Farm |
| 20:23 | Build | Farm |
| 20:32 | Create | Villager (Male) ×5 |
| 21:10 | Research | Heavy Plow |
| 21:25 | Create | Villager (Male) |
| 21:35 | Create | Villager (Male) |
| 21:53 | Create | Monk |
| 21:54 | Create | Monk |
| 22:22 | Build | Town Center |
| 22:31 | Create | Villager (Male) ×5 |
| 22:52 | Create | Villager (Male) ×3 |
| 23:03 | Create | Villager (Male) |
| 23:23 | Build | Farm |
| 23:26 | Build | Farm |
| 23:29 | Build | Farm |
| 23:32 | Build | Farm |
| 23:34 | Build | Farm |
| 23:38 | Create | Villager (Male) ×3 |
| 24:01 | Build | Farm |
| 24:08 | Create | Villager (Male) ×3 |
| 24:31 | Build | Town Center |
| 24:46 | Create | Villager (Male) ×4 |
| 25:00 | Build | Farm |
| 25:02 | Build | Farm |
| 25:03 | Build | Farm |
| 25:05 | Build | Farm |
| 25:07 | Build | Farm |
| 25:10 | Create | Villager (Male) ×3 |
| 25:21 | Build | Farm |
| 25:23 | Build | Farm |
| 25:34 | Create | Villager (Male) ×3 |
| 25:42 | Build | Farm |
| 25:44 | Build | Farm |
| 25:45 | Build | Farm |
| 25:47 | Build | Farm |
| 25:49 | Build | Farm |
| 25:52 | Create | Villager (Male) ×2 |
| 26:13 | Build | Town Center |
| 26:18 | Create | Villager (Male) ×4 |
| 26:44 | Build | Town Center |
| 27:05 | Build | Town Center |
| 27:13 | Research | Hand Cart |
| 27:14 | Research | Loom |
| 27:15 | Research | Town Watch |
| 27:17 | Create | Villager (Male) ×2 |
| 27:27 | Build | Farm |
| 27:29 | Build | Farm |
| 27:31 | Build | Farm |
| 27:32 | Build | Farm |
| 27:34 | Build | Farm |
| 27:36 | Build | Farm |
| 27:39 | Build | Farm |
| 27:41 | Build | Farm |
| 27:42 | Build | Farm |
| 27:45 | Build | Farm |
| 27:55 | Build | Mill |
| 27:58 | Create | Villager (Male) ×5 |
| 28:08 | Create | Villager (Male) ×5 |
| 28:19 | Build | House |
| 28:21 | Build | House |
| 28:22 | Build | House |
| 28:23 | Build | House |
| 28:25 | Build | House |
Build order — cheveyocroes
First 150 of 1707 actions detected
| 0:02 | Build | House |
| 0:03 | Build | House |
| 0:03 | Create | Villager (Male) |
| 0:04 | Create | Villager (Male) |
| 0:04 | Create | Villager (Male) |
| 0:29 | Create | Villager (Male) |
| 1:48 | Create | Villager (Male) |
| 2:20 | Create | Villager (Male) |
| 2:21 | Create | Villager (Male) |
| 2:47 | Build | House |
| 2:51 | Create | Villager (Male) |
| 3:15 | Build | Lumber Camp |
| 3:25 | Create | Villager (Male) |
| 3:28 | Create | Villager (Male) |
| 3:28 | Create | Villager (Male) |
| 4:22 | Create | Villager (Male) |
| 4:22 | Create | Villager (Male) |
| 4:30 | Build | House |
| 5:54 | Create | Villager (Male) |
| 5:55 | Create | Villager (Male) |
| 5:55 | Create | Villager (Male) |
| 6:02 | Create | Villager (Male) |
| 6:02 | Create | Villager (Male) |
| 6:25 | Build | Mill |
| 7:43 | Research | Feudal Age |
| 8:36 | Create | Villager (Male) |
| 8:41 | Build | House |
| 8:42 | Build | House |
| 8:44 | Build | House |
| 8:45 | Build | House |
| 8:46 | Build | House |
| 8:47 | Build | House |
| 8:48 | Build | House |
| 8:50 | Build | Palisade Wall |
| 9:43 | Build | Lumber Camp |
| 10:09 | Age | Feudal Age |
| 10:12 | Build | Market |
| 10:22 | Research | Double-Bit Axe |
| 10:25 | Research | Horse Collar |
| 10:28 | Build | Farm |
| 10:31 | Create | Villager (Male) |
| 10:31 | Create | Villager (Male) |
| 10:47 | Create | Villager (Male) |
| 11:19 | Build | Mining Camp |
| 11:23 | Build | Farm |
| 11:24 | Build | Farm |
| 11:26 | Create | Villager (Male) |
| 11:41 | Build | Blacksmith |
| 11:48 | Create | Villager (Male) |
| 11:54 | Build | Farm |
| 11:55 | Build | Farm |
| 11:57 | Build | Farm |
| 12:01 | Build | Farm |
| 12:02 | Create | Villager (Male) |
| 12:26 | Build | Farm |
| 12:58 | Build | Farm |
| 12:59 | Create | Villager (Male) |
| 13:08 | Build | Farm |
| 13:11 | Build | Farm |
| 13:14 | Create | Villager (Male) |
| 13:55 | Create | Villager (Male) |
| 14:09 | Build | Farm |
| 14:12 | Build | Farm |
| 14:17 | Create | Villager (Male) |
| 14:42 | Create | Villager (Male) |
| 14:44 | Create | Villager (Male) |
| 15:02 | Research | Castle Age |
| 15:22 | Build | Mining Camp |
| 15:39 | Research | Loom |
| 15:40 | Research | Wheelbarrow |
| 15:43 | Create | Villager (Male) |
| 15:43 | Create | Villager (Male) |
| 16:10 | Research | Gold Mining |
| 16:13 | Create | Villager (Male) |
| 16:16 | Build | Farm |
| 16:18 | Build | Farm |
| 16:22 | Build | Farm |
| 16:47 | Build | Barracks |
| 17:29 | Create | Villager (Male) |
| 17:50 | Age | Castle Age |
| 17:57 | Build | Town Center |
| 18:01 | Create | Villager (Male) |
| 18:01 | Create | Villager (Male) |
| 18:34 | Research | Heavy Plow |
| 19:00 | Build | Town Center |
| 19:26 | Create | Villager (Male) |
| 19:27 | Create | Villager (Male) |
| 19:28 | Create | Villager (Male) |
| 19:29 | Create | Villager (Male) |
| 19:29 | Create | Villager (Male) |
| 19:30 | Create | Villager (Male) |
| 19:30 | Create | Villager (Male) |
| 19:39 | Create | Trade Cart |
| 19:59 | Create | Villager (Male) |
| 19:59 | Create | Villager (Male) |
| 20:09 | Build | House |
| 20:10 | Build | House |
| 20:11 | Build | House |
| 20:12 | Build | House |
| 20:15 | Create | Villager (Male) |
| 20:16 | Create | Villager (Male) |
| 20:17 | Create | Villager (Male) |
| 20:18 | Create | Villager (Male) |
| 20:18 | Create | Villager (Male) |
| 20:18 | Create | Villager (Male) |
| 20:44 | Create | Trade Cart |
| 20:44 | Create | Trade Cart |
| 21:05 | Build | Farm |
| 21:29 | Build | Lumber Camp |
| 21:34 | Create | Villager (Male) |
| 21:35 | Create | Villager (Male) |
| 21:36 | Create | Villager (Male) |
| 21:37 | Create | Villager (Male) |
| 21:37 | Create | Villager (Male) |
| 21:39 | Create | Villager (Male) |
| 21:55 | Build | Town Center |
| 22:09 | Research | Bow Saw |
| 22:17 | Create | Villager (Male) |
| 22:18 | Create | Villager (Male) |
| 22:19 | Create | Villager (Male) |
| 22:20 | Create | Villager (Male) |
| 22:32 | Create | Trade Cart |
| 22:34 | Create | Trade Cart |
| 22:35 | Create | Trade Cart |
| 22:46 | Create | Fire Lancer |
| 22:47 | Create | Fire Lancer |
| 22:47 | Create | Fire Lancer |
| 22:48 | Create | Fire Lancer |
| 22:48 | Create | Fire Lancer |
| 22:49 | Create | Fire Lancer |
| 22:50 | Create | Fire Lancer |
| 23:17 | Build | Farm |
| 23:17 | Build | Farm |
| 23:17 | Build | Farm |
| 23:17 | Build | Farm |
| 23:18 | Build | Farm |
| 23:18 | Build | Farm |
| 23:28 | Create | Villager (Male) |
| 23:28 | Create | Villager (Male) |
| 23:28 | Create | Villager (Male) |
| 23:30 | Create | Villager (Male) |
| 23:30 | Create | Villager (Male) |
| 23:36 | Create | Fire Lancer |
| 23:36 | Create | Fire Lancer |
| 23:41 | Build | Farm |
| 23:43 | Create | Villager (Male) |
| 23:50 | Create | Villager (Male) |
| 23:57 | Create | Villager (Male) |
| 24:00 | Create | Villager (Male) |
| 24:04 | Build | Farm |
Match timeline
| 1:07 | IsaacNewton · wall_segment Palisade Wall x29 |
| 8:50 | cheveyocroes · wall_segment Palisade Wall x1 |
| 10:09 | cheveyocroes · age_up feudal |
| 10:51 | 超级小熊 · age_up feudal |
| 11:37 | Verto1992 · age_up feudal |
| 13:14 | IsaacNewton · first_building Barracks |
| 13:31 | cheveyocroes · first_market_sell 100 stone |
| 13:33 | cheveyocroes · first_market_buy 100 food |
| 14:23 | DeimosVE · age_up feudal |
| 15:42 | IsaacNewton · age_up feudal |
| 15:48 | IsaacNewton · wall_segment Stone Wall x25 |
| 16:15 | Verto1992 · age_up castle |
| 16:43 | DeimosVE · wall_segment Stone Wall x45 |
| 16:47 | cheveyocroes · first_building Barracks |
| 17:10 | DeimosVE · wall_segment Stone Wall x32 |
| 17:35 | DeimosVE · first_market_sell 100 stone |
| 17:40 | DeimosVE · first_market_buy 100 food |
| 17:50 | cheveyocroes · age_up castle |
| 18:41 | 超级小熊 · age_up castle |
| 19:26 | 超级小熊 · first_building Monastery |
| 20:41 | DeimosVE · age_up castle |
| 22:52 | DeimosVE · wall_segment Stone Wall x33 |
| 24:37 | IsaacNewton · age_up castle |
| 25:21 | DeimosVE · wall_segment Stone Wall x10 |
| 25:31 | DeimosVE · wall_segment Stone Wall x6 |
| 25:43 | DeimosVE · wall_segment Stone Wall x6 |
| 26:05 | Verto1992 · first_building Monastery |
| 26:36 | DeimosVE · first_building Monastery |
| 28:18 | TURKISCH45 · first_market_sell 100 food |
| 28:26 | cheveyocroes · first_building Castle |
| 29:01 | TURKISCH45 · first_market_buy 100 stone |
| 29:13 | Verto1992 · first_building Castle |
| 29:16 | Verto1992 · first_building Barracks |
| 29:32 | Verto1992 · first_market_sell 100 food |
| 29:48 | cheveyocroes · first_building Siege Workshop |
| 30:58 | IsaacNewton · first_building Siege Workshop |
| 31:17 | Verto1992 · age_up imperial |
| 31:30 | Verto1992 · first_building Archery Range |
| 31:34 | Verto1992 · first_building Stable |
| 31:45 | IsaacNewton · first_building Castle |
| 31:59 | cheveyocroes · first_building Archery Range |
| 33:58 | 超级小熊 · age_up imperial |
| 34:24 | DeimosVE · first_building Barracks |
| 34:38 | DeimosVE · first_building Siege Workshop |
| 34:51 | 超级小熊 · first_building Siege Workshop |
| 35:02 | cheveyocroes · first_building Monastery |
| 35:20 | cheveyocroes · age_up imperial |
| 36:02 | IsaacNewton · first_building Stable |
| 37:52 | 超级小熊 · first_building Castle |
| 38:12 | IsaacNewton · age_up imperial |
| 38:26 | TURKISCH45 · first_building Barracks |
| 38:28 | cheveyocroes · first_building Stable |
| 39:17 | TURKISCH45 · first_building Archery Range |
| 39:57 | TURKISCH45 · first_building Stable |
| 41:28 | DeimosVE · first_building Stable |
| 41:41 | 超级小熊 · first_building Barracks |
| 42:07 | IsaacNewton · first_building Archery Range |
| 43:33 | 超级小熊 · first_market_sell 500 food |
| 44:46 | DeimosVE · first_building Castle |
| 46:47 | DeimosVE · age_up imperial |
| 46:58 | DeimosVE · first_building Archery Range |
| 47:36 | DeimosVE · wall_segment Stone Wall x14 |
| 52:39 | Verto1992 · first_market_buy 100 stone |
| 54:26 | TURKISCH45 · first_building Monastery |
| 54:49 | TURKISCH45 · first_building Siege Workshop |
| 60:19 | TURKISCH45 · first_building Castle |
| 65:23 | cheveyocroes · resign |
| 66:49 | Verto1992 · first_building Siege Workshop |
[ AI ANALYSIS · 1 CREDIT ]
What really happened in this match?
Wolo.gg analyzes every decision: build order, eco, micro, common mistakes by bracket. Personalized analysis on WhatsApp or Discord in 30 seconds.
Civ guide
Tatars
Perfil
TURKISCH45